 Dungeon Crawl Stone Soup version 0.17.1-1-g73c8601 (webtiles) character file.

3529 Miyamura the Blocker (level 10, -1/79 HPs)
             Began as a Formicid Fighter on Jan 6, 2016.
             Was a Believer of Cheibriados.
             Succumbed to WereVolvo's ghost's poison
             ... on level 6 of the Dungeon.
             The game lasted 00:25:10 (9195 turns).

Miyamura the Blocker (Formicid Fighter)             Turns: 9195, Time: 00:25:10

Health: -1/79      AC: 20    Str: 29    XL:     10   Next: 29%
Magic:  14/14      EV: 13    Int: 13    God:    Cheibriados [**....]
Gold:   382        SH: 12    Dex: 15    Spells: 0 memorised, 9 levels left

rFire  . . .     SeeInvis +     a - +0 war axe
rCold  . . .     Clarity  .     t - +0 plate armour
rNeg   . . .     SustAt   .     c - +0 shield
rPois  +         Gourm    .     (helmet unavailable)
rElec  .         Spirit   .     w - +2 cloak {rPois}
rCorr  .         Warding  .     x - +1 pair of gloves
rMut   .         Stasis   +     (no boots)
MR     +....                    (no amulet)
Stlth  ..........               v - +3 ring of evasion
                                i - +2 ring of protection

@: lethally poisoned (-1 -> -10), very slow, somewhat resistant to hostile
enchantments, extremely unstealthy
A: permanent stasis, dig shafts and tunnels, four strong arms, antennae 3
a: Dig, Shaft Self, Bend Time, Renounce Religion


You were on level 6 of the Dungeon.
You worshipped Cheibriados.
Cheibriados was pleased with you.
You were not hungry.

You visited 1 branch of the dungeon, and saw 11 of its levels.
You also visited: Sewer.

You collected 382 gold pieces.

Inventory:

Hand Weapons
 a - a +0 war axe (weapon)
 j - a +0 blowgun
Missiles
 h - 44 poisoned needles
 y - 2 needles of confusion
Armour
 c - a +0 shield (worn)
 t - a +0 plate armour (worn)
 w - a +2 cloak of poison resistance (worn)
 x - a +1 pair of gloves (worn)
Jewellery
 i - a +2 ring of protection (left hand)
 v - a +3 ring of evasion (right hand)
Wands
 l - a wand of digging (11)
 m - a wand of polymorph (11)
Scrolls
 b - 4 scrolls of remove curse
 n - 2 scrolls of amnesia
 o - a scroll of recharging
 s - a scroll of fog
 u - a scroll of identify
Potions
 f - 4 potions of brilliance
 p - 2 potions of magic
Books
 k - a book of Clouds

   Spells                             Type                      Level
   a - Mephitic Cloud                 Conjuration/Poison/Air       3
   b - Conjure Flame                  Conjuration/Fire             3
   c - Poisonous Cloud                Conjuration/Poison/Air       6
   d - Freezing Cloud                 Conjuration/Ice/Air          6
   e - Ring of Flames                 Charms/Fire                  7
 r - a book of Beasts

   Spells                             Type                      Level
   a - Summon Butterflies             Summoning                    1
   b - Call Canine Familiar           Summoning                    3
   c - Summon Ice Beast               Ice/Summoning                4
   d - Summon Mana Viper              Hexes/Summoning              5
   e - Summon Hydra                   Summoning                    7
Comestibles
 d - a chunk of flesh
 e - 3 bread rations
 q - 2 slices of pizza


   Skills:
 + Level 7.1 Fighting
 + Level 6.2 Axes
 + Level 7.0 Armour
 + Level 4.8 Dodging
 + Level 8.2 Shields
 * Level 6.4 Invocations


You had 9 spell levels left.
You didn't know any spells.

Dungeon Overview and Level Annotations

Branches:
Dungeon (11/15)
 Temple: D:4-7         Lair: D:8-11         Orc: D:9-12

Altars:
Cheibriados
Gozag
Makhleb
Sif Muna
Zin
The Shining One

Shops:
D:5 [

Annotations:
D:7 WereVolvo's ghost, novice MiAM


Innate Abilities, Weirdness & Mutations

You are under a permanent stasis effect.
You can dig through walls and to a lower floor.
Your four strong arms can wield two-handed weapons with a shield.
You have a pair of large antennae on your head (SInv).


Message History

You feel sick.
* * * LOW HITPOINT WARNING * * *
You feel very sick.
* * * LOW HITPOINT WARNING * * *
You feel sick.
* * * LOW HITPOINT WARNING * * *
You feel sick.
* * * LOW HITPOINT WARNING * * *
You feel sick.
* * * LOW HITPOINT WARNING * * *
You feel sick.
* * * LOW HITPOINT WARNING * * *
You feel sick.
* * * LOW HITPOINT WARNING * * *
You feel sick.
* * * LOW HITPOINT WARNING * * *
You feel sick.
* * * LOW HITPOINT WARNING * * *
You feel sick.
You die...

...........###........#
............##........#
............##........#
............####...####
.............###..###############
..##########.....................
..# #..##..############### ..#
#..##.......#######... ..#
#..##@####.......!..## ..#
##.##.# #............ ..#
#.##.####...........# ..#
#.......+...........# ###
#.##.####...........#
#..#....'...........#
##.#.####............ #...#
#............. ##..#
#.............


There were no monsters in sight!

Vanquished Creatures
  The ghost of Anouleth the Carver, a novice HOFi of Qazlal (D:6)
  A troll (D:6)
  Sigmund (D:4)
  2 yaks (D:9)
  2 hippogriffs
  Menkaure (D:5)
  5 ogres
  2 centaurs
  Blork the orc (D:4)
  4 giant frogs
  A scorpion (D:8)
  5 killer bees (D:6)
  2 wights (D:9)
  2 hounds
  An orc priest (D:3)
  A crimson imp (D:9)
  3 iguanas
  Jessica (D:2)
  5 worker ants
  A hound skeleton (D:9)
  Robin (D:3)
  10 adders
  A river rat (Sewer)
  An ooze (D:2)
  An adder skeleton (D:4)
  5 worms
  17 orcs
  6 ball pythons
  5 giant cockroaches
  12 hobgoblins
  3 jackals (D:2)
  11 kobolds
  4 quokkas
  A ball python skeleton (D:5)
  A ball python zombie (D:5)
  6 bats
  3 giant geckos (D:2)
  9 giant newts
  9 goblins
  A quokka zombie (D:6)
  25 rats
174 creatures vanquished.

Notes
Turn   | Place    | Note
--------------------------------------------------------------
     0 | D:1      | Miyamura the Formicid Fighter began the quest for the Orb.
     0 | D:1      | Reached XP level 1. HP: 18/18 MP: 1/1
   126 | D:1      | Reached XP level 2. HP: 22/24 MP: 2/2
   731 | D:1      | Reached XP level 3. HP: 29/29 MP: 3/3
  1197 | D:2      | Found a faded altar to an unknown god.
  1396 | D:2      | Reached skill level 4 in Shields
  1470 | D:2      | Noticed Jessica
  1475 | D:2      | Killed Jessica
  1475 | D:2      | Reached XP level 4. HP: 37/37 MP: 4/4
  1551 | D:2      | Reached skill level 1 in Dodging
  2158 | D:3      | Reached XP level 5. HP: 40/42 MP: 5/5
  2704 | D:3      | Noticed Robin
  2714 | D:3      | Killed Robin
  3288 | D:4      | Reached XP level 6. HP: 47/49 MP: 6/6
  3313 | D:4      | Found an opulent altar of Gozag.
  3410 | D:4      | Noticed an ogre
  3418 | D:4      | Killed an ogre
  3418 | D:4      | Reached skill level 5 in Shields
  3585 | D:4      | Noticed Blork the orc
  3599 | D:4      | Killed Blork the orc
  3599 | D:4      | Reached XP level 7. HP: 34/55 MP: 7/7
  3878 | D:4      | Noticed an ogre
  3888 | D:4      | Killed an ogre
  3956 | D:4      | Noticed Sigmund
  3978 | D:4      | Killed Sigmund
  3978 | D:4      | Reached skill level 5 in Fighting
  3978 | D:4      | Reached skill level 5 in Armour
  4365 | D:5      | Entered Level 5 of the Dungeon
  4534 | D:5      | Reached XP level 8. HP: 62/62 MP: 8/8
  4597 | D:5      | Reached skill level 6 in Shields
  4696 | D:5      | Noticed Menkaure
  4704 | D:5      | Killed Menkaure
  5043 | D:5      | Found Ofudoceps's Antique Armour Emporium.
  5258 | D:5      | Found a glowing silver altar of Zin.
  5267 | D:5      | Found a deep blue altar of Sif Muna.
  5278 | D:5      | Found a snail-covered altar of Cheibriados.
  5278 | D:5      | Found a burning altar of Makhleb.
  5313 | D:5      | Became a worshipper of Cheibriados the Contemplative
  5522 | D:6      | Noticed a troll
  5541 | D:6      | Killed a troll
  5548 | D:6      | Found a glowing drain.
  5595 | Sewer    | Entered a sewer
  5664 | Sewer    | Reached * piety under Cheibriados
  5664 | Sewer    | Reached XP level 9. HP: 69/69 MP: 10/10
  6204 | D:6      | Noticed Anouleth's ghost (novice HOFi)
  6252 | D:6      | You fall through a shaft for 3 floors!
  6266 | D:9      | Reached skill level 5 in Axes
  6507 | D:9      | Reached skill level 7 in Shields
  6519 | D:9      | Found a glowing golden altar of the Shining One.
  6732 | D:9      | You fall through a shaft!
  6732 | D:10     | Entered Level 10 of the Dungeon
  6735 | D:10     | You fall through a shaft!
  6894 | D:10     | Reached ** piety under Cheibriados
  7132 | D:5      | Reached skill level 5 in Invocations
  7628 | D:6      | Killed Anouleth's ghost
  7628 | D:6      | Reached skill level 8 in Shields
  7628 | D:6      | Reached XP level 10. HP: 15/79 MP: 3/14
  8195 | D:7      | Noticed WereVolvo's ghost (novice MiAM)
  9191 | D:6      | HP: 3/79 [poisoned by WereVolvo's ghost]
  9193 | D:6      | HP: 1/79 [poisoned by WereVolvo's ghost]
  9195 | D:6      | Succumbed to WereVolvo's ghost's poison

Action                   |  1- 3 |  4- 6 |  7- 9 | 10-12 || total
-------------------------+-------+-------+-------+-------++-------
Melee: War axe           |   112 |   168 |   370 |   125 ||   775
 Fire: Blowgun           |       |    16 |    29 |       ||    45
Invok: Bend Time         |       |       |     5 |     2 ||     7
 Abil: Shaft Self        |       |       |     3 |       ||     3
Evoke: Wand              |       |       |     6 |       ||     6
  Use: Scroll            |     7 |     5 |     7 |     1 ||    20
       Potion            |       |     1 |    11 |     1 ||    13
  Eat: Chunk             |     2 |     7 |    11 |       ||    20
       Meat ration       |       |       |       |     1 ||     1
